 Dungeon Crawl Stone Soup version 0.21-a0-630-g344d351 (webtiles) character file.

56 KristoblXynda the Charmwright (level 3, -1/18 HPs)
             Began as a Spriggan Skald on Dec 26, 2017.
             Slain by a hobgoblin (2 damage)
             ... on level 2 of the Dungeon.
             The game lasted 00:01:57 (1046 turns).

KristoblXynda the Charmwright (Spriggan Skald)      Turns: 1046, Time: 00:01:58

Health: -1/18      AC:  2    Str:  8    XL:     3   Next: 69%
Magic:  0/8        EV: 19    Int: 14    God:
Gold:   78         SH:  0    Dex: 15    Spells: 7/8 levels left

rFire    . . .     SeeInvis +   a - +0 short sword
rCold    . . .     Gourm    .   (shield restricted)
rNeg     . . .     Faith    .   b - +0 robe
rPois    .         Spirit   .   (helmet restricted)
rElec    .         Reflect  .   (no cloak)
rCorr    .         Harm     .   (gloves unavailable)
MR       .....                  (boots unavailable)
Stlth    ++........             (no amulet)
HPRegen  0.06/turn              i - ring of stealth
MPRegen  0.11/turn              (no ring)

@: infused, very quick
A: very small, unfitting armour, see invisible, herbivore, speed 3, slow
metabolism 2
a: no special abilities


You were on level 2 of the Dungeon.
You were not hungry.

You visited 1 branch of the dungeon, and saw 2 of its levels.

You collected 78 gold pieces.

Inventory:

Hand Weapons
 a - a +0 short sword (weapon)
Armour
 b - a +0 robe (worn)
Jewellery
 i - a ring of stealth (left hand)
Scrolls
 e - 2 scrolls of amnesia {unknown}
 f - a scroll of enchant armour {unknown}
 g - a scroll of enchant weapon {unknown}
 j - a scroll of teleportation {unknown}
 m - a scroll of remove curse {unknown}
 n - a scroll of identify {unknown}
Potions
 h - a potion of degeneration {unknown}
 k - a potion of curing {unknown}
 l - a potion of might {unknown}
 o - a potion of heal wounds {unknown}
Books
 c - a book of Battle

   Spells                             Type                      Level
   a - Infusion                       Charms                       1
   b - Shroud of Golubria             Charms/Translocation         2
   c - Song of Slaying                Charms                       2
   d - Spectral Weapon                Hexes/Charms                 3
   e - Regeneration                   Charms/Necromancy            3
Comestibles
 d - 5 rations


   Skills:
 - Level 1.5 Fighting
 + Level 2.9 Short Blades
 + Level 4.3 Dodging
 + Level 3.4 Spellcasting
 + Level 5.1 Charms


You had 7 spell levels left.
You knew the following spells:

 Your Spells              Type           Power        Failure   Level  Hunger
a - Infusion              Chrm           ###.         2%          1    #......


Dungeon Overview and Level Annotations

Branches:
Dungeon (2/15)

Altars:


Innate Abilities, Weirdness & Mutations

You are very small and have problems with some larger weapons.
You are too small for most types of armour.
You have supernaturally acute eyesight. (SInv)
You are a herbivore.
You cover ground extremely quickly.
You need consume almost no food.


Message History

The jackal bites you but does no damage.
The jackal bites you.
* * * LOW HITPOINT WARNING * * *
You miss the jackal.
The jackal is almost dead.
The jackal bites you but does no damage.
The hobgoblin barely misses you.
Casting: Infusion
Confirm with . or Enter, or press ? or * to list all spells.
You begin infusing your attacks with magical energy.
The jackal closely misses you. The hobgoblin closely misses you.
The jackal bites you.
* * * LOW HITPOINT WARNING * * *
You hit the hobgoblin.
The hobgoblin is almost dead.
The jackal misses you. The hobgoblin misses you.
You closely miss the hobgoblin.
The hobgoblin is almost dead.
The jackal misses you. The hobgoblin hits you.
You die...

########........#####
.# #.#.####......
...#####.#.# #######
. #..<.)..#.# ## #.
#.....#.#.# #. #..
##.###...#.# #.
#...##. ####..#.# #.
.......##.g...#.# ##
#.......#@###.#.#
#.#h# #.# #...# #..
##..# ###. #...# .
..#.># # #.###K.. ..
..... ### .....


You could see a jackal and a hobgoblin.

Vanquished Creatures
  A hound (D:2)
  A dart slug (D:2)
  A leopard gecko (D:1)
  A giant cockroach (D:1)
  2 goblins
  2 hobgoblins (D:1)
  3 jackals (D:2)
  4 bats
  A frilled lizard (D:1)
  5 kobolds
  2 rats
23 creatures vanquished.

Notes
Turn   | Place    | Note
-------+----------+-------------------------------------------
     0 | D:1      | KristoblXynda the Spriggan Skald began the quest for the Orb.
     0 | D:1      | Reached XP level 1. HP: 10/10 MP: 5/5
   188 | D:1      | Reached XP level 2. HP: 10/14 MP: 3/6
  1029 | D:2      | Reached skill level 5 in Charms
  1029 | D:2      | Reached XP level 3. HP: 6/18 MP: 0/8
  1046 | D:2      | Slain by a hobgoblin

Vault maps used:
D:1:      dpeg_arrival_signposts, minmay_tall_x
D:2:      first_ration, nicolae_ru_the_path_less_chosen

Skill      XL: |  1  2 |
---------------+-------+-----
Spellcasting   | 3 |  3.4
Dodging        | 4 |  4.3
Charms         | 5 |  5.1
Fighting       | |  1.5
Short Blades   | |  2.9

Action                   || total
-------------------------++-------
Melee: Short sword       ||    72
 Cast: Infusion          ||     6
 Stab: Sleeping          ||     3
Armor: Robe              ||     6
Dodge: Dodged            ||    75

Table legend:
 A = Spawn XP
 B = Non-spawn XP
 C = Spawn XP percentage of total XP
 D = Spawn monster count
 E = Non-spawn monster count
 F = Spawn count percentage of total count
 G = Total turns spent on level
                    A         B        C        D         E        F      G
               +---------+---------+-------+---------+---------+-------+---------
         Total |       0 |      80 |   0.0 |       0 |      23 |   0.0 |  1046
               +---------+---------+-------+---------+---------+-------+---------
           D:1 |       0 |      20 |   0.0 |       0 |      12 |   0.0 |   748
           D:2 |       0 |      60 |   0.0 |       0 |      11 |   0.0 |   298
               +---------+---------+-------+---------+---------+-------+---------
